| TOP OF THE 1ST |
|
Oklahoma State University Cowboys batting - Pitching for Washington State University Cougars : RHP Ty Misner
|
|
Pitching: RHP Ty Misner
|
|
|
Batting: RHB Simon Gravitt
|
0-0: Called Strike 0-1: Swinging Strike 0-2: Strikes out swinging
|
|
Batting: LHB Dwayne Roche
|
0-0: Called Strike 0-1: Ground out 5-3 (Groundball, 5L, EV 83.1 MPH)
|
|
Batting: LHB Kyle David
|
0-0: Ball 1-0: Called Strike 1-1: Swinging Strike 1-2: Ball 2-2: Ball 3-2: Foul Ball, location: 2F 3-2: Foul Ball, location: 2F 3-2: Strikes out swinging
|
| Top of the 1st over - 0 runs, 0 hits, 0 errors, 0 left on base; Oklahoma State University 0 - Washington State University 0 |
| BOTTOM OF THE 1ST |
|
Washington State University Cougars batting - Pitching for Oklahoma State University Cowboys : RHP Ryan Bethune
|
|
Pitching: RHP Ryan Bethune
|
|
|
Batting: RHB Ryan Toth
|
0-0: Ball 1-0: Ball 2-0: Called Strike 2-1: Called Strike 2-2: Ball 3-2: Strikes out looking
|
|
Batting: RHB Mas Langat
|
0-0: Called Strike 0-1: Called Strike 0-2: Fly out, F9 (Flyball, 9S, EV 80.6 MPH)
|
|
Batting: LHB Scott Spillers
|
0-0: Ball 1-0: DOUBLE (Flyball, 78D, EV 94.4 MPH)
|
|
Batting: SHB Juan Delanoval
|
0-0: Foul Ball, location: 2F 0-1: Ball 1-1: Ball 2-1: SINGLE (Groundball, 23, EV 70.6 MPH) (infield hit) Scott Spillers to third
|
|
Batting: LHB Israel Ariza
|
0-0: Ground out 1-3 (Groundball, P, EV 69.4 MPH)
|
| Bottom of the 1st over - 0 runs, 2 hits, 0 errors, 2 left on base; Oklahoma State University 0 - Washington State University 0 |
| TOP OF THE 2ND |
|
Oklahoma State University Cowboys batting - Pitching for Washington State University Cougars : RHP Ty Misner
|
|
Batting: LHB Jeff Williams
|
0-0: Called Strike 0-1: Ball 1-1: Fly out, F8 (Flyball, 8RD, EV 100.0 MPH)
|
|
Batting: RHB Magnus Laursen
|
0-0: Ground out 5-3 (Groundball, 56S, EV 83.8 MPH)
|
|
Batting: LHB Steve Kimbler
|
0-0: Ball 1-0: Foul Ball, location: 2F 1-1: Swinging Strike 1-2: Strikes out swinging
|
| Top of the 2nd over - 0 runs, 0 hits, 0 errors, 0 left on base; Oklahoma State University 0 - Washington State University 0 |
| BOTTOM OF THE 2ND |
|
Washington State University Cougars batting - Pitching for Oklahoma State University Cowboys : RHP Ryan Bethune
|
|
Batting: LHB David Jackson
|
0-0: Ball 1-0: Ball 2-0: Reached on error, E7 (Flyball, 7, EV 83.8 MPH)
|
|
Batting: RHB Wil Gonzales
|
0-0: Swinging Strike 0-1: DOUBLE (Line Drive, 7LS, EV 91.2 MPH) David Jackson to third
|
|
Batting: RHB Ron Essink
|
0-0: Fly out, F3 (Popup, 34, EV 75.0 MPH)
|
|
Batting: RHB Dave DeLaMater
|
0-0: Foul Ball, location: 2F 0-1: Ball 1-1: Ball 2-1: Called Strike 2-2: Foul Ball, location: 2F 2-2: Strikes out swinging
|
|
Batting: RHB Ryan Toth
|
0-0: Ball 1-0: Fly out, F8 (Flyball, 78S, EV 80.0 MPH)
|
| Bottom of the 2nd over - 0 runs, 1 hit, 1 error, 2 left on base; Oklahoma State University 0 - Washington State University 0 |
| TOP OF THE 3RD |
|
Oklahoma State University Cowboys batting - Pitching for Washington State University Cougars : RHP Ty Misner
|
|
Batting: RHB Jose Lopez
|
0-0: Foul Ball, location: 2F 0-1: Ball 1-1: SOLO HOME RUN (Flyball, 7LD, EV 98.1 MPH), Distance : 379 ft
|
|
Batting: RHB Bill Tremblett
|
0-0: Ball 1-0: Ball 2-0: Ball 3-0: Base on Balls
|
|
Batting: RHB Frederik Koster
|
0-0: Ball 1-0: Fly out, F8 (Flyball, 8LD, EV 89.4 MPH)
|
|
Batting: RHB Simon Gravitt
|
0-0: Ball 1-0: Foul Ball, location: 2F 1-1: Called Strike 1-2: Foul Ball, location: 2F 1-2: Ball 2-2: Fly out, F8 (Flyball, 78M, EV 92.5 MPH)
|
|
Batting: LHB Dwayne Roche
|
0-0: Ball 1-0: Ball 2-0: Ball 3-0: Called Strike 3-1: Fly out, F8 (Flyball, 78M, EV 83.8 MPH)
|
| Top of the 3rd over - 1 run, 1 hit, 0 errors, 1 left on base; Oklahoma State University 1 - Washington State University 0 |
| BOTTOM OF THE 3RD |
|
Washington State University Cougars batting - Pitching for Oklahoma State University Cowboys : RHP Ryan Bethune
|
|
Batting: RHB Mas Langat
|
0-0: Ball 1-0: Ball 2-0: Swinging Strike 2-1: Called Strike 2-2: Foul Ball, location: 2F 2-2: Foul Ball, location: 2F 2-2: Ball 3-2: Base on Balls
|
|
Batting: LHB Scott Spillers
|
0-0: Ball 1-0: Foul Ball, location: 2F 1-1: Ball 2-1: Fly out, F8 (Flyball, 8RXD, EV 101.9 MPH)
|
|
Batting: SHB Juan Delanoval
|
0-0: Foul Ball, location: 2F 0-1: Called Strike 0-2: Ball 1-2: Foul Ball, location: 2F 1-2: Ball 2-2: Strikes out swinging
|
|
Batting: LHB Israel Ariza
|
0-0: Ball 1-0: Foul Ball, location: 2F 1-1: Foul Ball, location: 2F 1-2: Ball 2-2: SINGLE (Groundball, 4S, EV 68.1 MPH) (infield hit) Mas Langat to second
|
|
Batting: LHB David Jackson
|
0-0: Foul Ball, location: 2F 0-1: Ball 1-1: Called Strike 1-2: Fly out, F4 (Popup, 34S, EV 76.9 MPH)
|
| Bottom of the 3rd over - 0 runs, 1 hit, 0 errors, 2 left on base; Oklahoma State University 1 - Washington State University 0 |
| TOP OF THE 4TH |
|
Oklahoma State University Cowboys batting - Pitching for Washington State University Cougars : RHP Ty Misner
|
|
Batting: LHB Kyle David
|
0-0: Ball 1-0: Ground out 6-3 (Groundball, 6M, EV 81.2 MPH)
|
|
Batting: LHB Jeff Williams
|
0-0: Ball 1-0: Fly out, F7 (Line Drive, 78M, EV 100.6 MPH)
|
|
Batting: RHB Magnus Laursen
|
0-0: Ball 1-0: Called Strike 1-1: Swinging Strike 1-2: Foul Ball, location: 2F 1-2: Fly out, F8 (Line Drive, 8RM, EV 94.4 MPH)
|
| Top of the 4th over - 0 runs, 0 hits, 0 errors, 0 left on base; Oklahoma State University 1 - Washington State University 0 |
| BOTTOM OF THE 4TH |
|
Washington State University Cougars batting - Pitching for Oklahoma State University Cowboys : RHP Ryan Bethune
|
|
Batting: RHB Wil Gonzales
|
0-0: Called Strike 0-1: Ball 1-1: Called Strike 1-2: Foul Ball, location: 2F 1-2: Ball 2-2: Strikes out swinging
|
|
Batting: RHB Ron Essink
|
0-0: Ball 1-0: Ground out 6-3 (Groundball, 6, EV 102.5 MPH)
|
|
Batting: RHB Dave DeLaMater
|
0-0: Ball 1-0: Ball 2-0: Ball 3-0: Called Strike 3-1: Foul Ball, location: 2F 3-2: Foul Ball, location: 2F 3-2: Strikes out swinging, 2-3 out at first.
|
| Bottom of the 4th over - 0 runs, 0 hits, 0 errors, 0 left on base; Oklahoma State University 1 - Washington State University 0 |
| TOP OF THE 5TH |
|
Oklahoma State University Cowboys batting - Pitching for Washington State University Cougars : RHP Ty Misner
|
|
Batting: LHB Steve Kimbler
|
0-0: Ground out 6-3 (Groundball, 6D, EV 81.9 MPH)
|
|
Batting: RHB Jose Lopez
|
0-0: Ball 1-0: Ball 2-0: Called Strike 2-1: Foul Ball, location: 2F 2-2: Foul Ball, location: 2F 2-2: Ball 3-2: Base on Balls
|
|
Batting: RHB Bill Tremblett
|
0-0: Called Strike 0-1: Fly out, F9 (Flyball, 9S, EV 95.6 MPH)
|
|
Batting: RHB Frederik Koster
|
0-0: Ball 1-0: Ball 2-0: Foul Ball, location: 2F 2-1: Ball Jose Lopez steals 2nd base 3-1: Base on Balls
|
|
Batting: RHB Simon Gravitt
|
0-0: Ball 1-0: Foul Ball, location: 2F 1-1: Called Strike 1-2: Foul Ball, location: 2F 1-2: Ball 2-2: Ball 3-2: Base on Balls Jose Lopez to third Frederik Koster to second
|
|
Batting: LHB Dwayne Roche
|
0-0: Called Strike 0-1: Swinging Strike 0-2: Ball 1-2: SINGLE (Groundball, 4MD, EV 87.5 MPH) (infield hit) Jose Lopez scores Frederik Koster to third Simon Gravitt to second
|
|
Batting: LHB Kyle David
|
0-0: Called Strike 0-1: Fly out, F9 (Flyball, 9, EV 88.8 MPH)
|
| Top of the 5th over - 1 run, 1 hit, 0 errors, 3 left on base; Oklahoma State University 2 - Washington State University 0 |
| BOTTOM OF THE 5TH |
|
Washington State University Cougars batting - Pitching for Oklahoma State University Cowboys : RHP Ryan Bethune
|
|
Batting: RHB Ryan Toth
|
0-0: Ball 1-0: Fly out, F2 (Popup, 23F, EV 80.0 MPH)
|
|
Batting: RHB Mas Langat
|
0-0: Swinging Strike 0-1: Ball 1-1: Ball 2-1: SINGLE (Line Drive, 56, EV 111.9 MPH)
|
|
Batting: LHB Scott Spillers
|
0-0: Ball 1-0: Called Strike 1-1: Ball 2-1: DOUBLE (Line Drive, 78M, EV 102.5 MPH) Mas Langat to third
|
|
Pitching: RHP Rien Klinkenberg
|
|
|
Batting: SHB Juan Delanoval
|
0-0: Ball 1-0: Ground out 4-3 (Groundball, 4M, EV 85.6 MPH) Mas Langat scores Scott Spillers to third
|
|
Batting: LHB Israel Ariza
|
0-0: Ball 1-0: Foul Ball, location: 2F 1-1: Ball 2-1: Swinging Strike 2-2: Foul Ball, location: 2F 2-2: Ball 3-2: Fly out, F8 (Flyball, 8RD, EV 93.8 MPH)
|
| Bottom of the 5th over - 1 run, 2 hits, 0 errors, 1 left on base; Oklahoma State University 2 - Washington State University 1 |
| TOP OF THE 6TH |
|
Oklahoma State University Cowboys batting - Pitching for Washington State University Cougars : RHP Ty Misner
|
|
Batting: LHB Jeff Williams
|
0-0: Ball 1-0: Called Strike 1-1: Foul Ball, location: 2F 1-2: Ball 2-2: Ball 3-2: Foul Ball, location: 2F 3-2: SINGLE (Groundball, 56D, EV 105.0 MPH)
|
|
Pitching: RHP Teddy Barber
|
|
|
Batting: RHB Magnus Laursen
|
0-0: Ball 1-0: Swinging Strike 1-1: Fly out, F7 (Flyball, 78S, EV 90.6 MPH)
|
|
Batting: LHB Steve Kimbler
|
0-0: Foul Ball, location: 2F 0-1: Foul Ball, location: 2F 0-2: Ball 1-2: Fly out, F8 (Flyball, 8RD, EV 86.2 MPH)
|
|
Batting: RHB Jose Lopez
|
0-0: Swinging Strike 0-1: Ball 1-1: Foul Ball, location: 2F 1-2: Ball 2-2: Strikes out swinging
|
| Top of the 6th over - 0 runs, 1 hit, 0 errors, 1 left on base; Oklahoma State University 2 - Washington State University 1 |
| BOTTOM OF THE 6TH |
|
Washington State University Cougars batting - Pitching for Oklahoma State University Cowboys : RHP Rien Klinkenberg
|
|
Batting: LHB David Jackson
|
0-0: Called Strike 0-1: Ball 1-1: Ball 2-1: DOUBLE (Line Drive, 78M, EV 93.8 MPH)
|
|
Batting: RHB Wil Gonzales
|
0-0: Called Strike 0-1: Called Strike 0-2: Ball 1-2: Ball 2-2: Foul Ball, location: 2F 2-2: SINGLE (Line Drive, 6D, EV 98.8 MPH) David Jackson to third Runner from 3rd tries for Home, SAFE, throw by CF to home
|
|
Batting: RHB Ron Essink
|
0-0: Ball 1-0: Foul Ball, location: 2F 1-1: Ball 2-1: Sac Bunt to 3S - play at second, runner OUT! 3-6
|
|
Batting: RHB Dave DeLaMater
|
0-0: Called Strike 0-1: Ball Wild Pitch! Ron Essink to second 1-1: Ground out 6-3 (Groundball, 56, EV 103.1 MPH)
|
|
Batting: RHB Ryan Toth
|
0-0: Ball 1-0: Ground out U3 (Groundball, 34S, EV 84.4 MPH)
|
| Bottom of the 6th over - 1 run, 2 hits, 0 errors, 1 left on base; Oklahoma State University 2 - Washington State University 2 |
| TOP OF THE 7TH |
|
Oklahoma State University Cowboys batting - Pitching for Washington State University Cougars : RHP Teddy Barber
|
|
Pitching: RHP Joaquin Adame
|
|
|
Batting: RHB Bill Tremblett
|
0-0: Ball 1-0: Ball 2-0: Called Strike 2-1: Ball 3-1: Called Strike 3-2: Strikes out looking
|
|
Batting: RHB Frederik Koster
|
0-0: Ball 1-0: Foul Ball, location: 2F 1-1: Called Strike 1-2: Ball 2-2: Foul Ball, location: 2F 2-2: Strikes out swinging
|
|
Batting: RHB Simon Gravitt
|
0-0: Called Strike 0-1: Foul Ball, location: 2F 0-2: Fly out, F8 (Flyball, 89D, EV 90.0 MPH)
|
| Top of the 7th over - 0 runs, 0 hits, 0 errors, 0 left on base; Oklahoma State University 2 - Washington State University 2 |
| BOTTOM OF THE 7TH |
|
Washington State University Cougars batting - Pitching for Oklahoma State University Cowboys : RHP Rien Klinkenberg
|
|
Pitching: RHP Mick Conner
|
|
|
Batting: RHB Mas Langat
|
0-0: Fly out, F8 (Flyball, 8LS, EV 82.5 MPH)
|
|
Pitching: LHP Tony Bustillos
|
|
|
Batting: LHB Scott Spillers
|
0-0: Ball 1-0: Foul Ball, location: 2F 1-1: Swinging Strike 1-2: Strikes out swinging
|
|
Batting: SHB Juan Delanoval
|
0-0: Ball 1-0: Called Strike 1-1: Foul Ball, location: 2F 1-2: Ground out 6-3 (Groundball, 6, EV 101.2 MPH)
|
| Bottom of the 7th over - 0 runs, 0 hits, 0 errors, 0 left on base; Oklahoma State University 2 - Washington State University 2 |
| TOP OF THE 8TH |
|
Oklahoma State University Cowboys batting - Pitching for Washington State University Cougars : RHP Joaquin Adame
|
|
Pitching: LHP Scott Bradley
|
|
|
Batting: LHB Dwayne Roche
|
0-0: Ball 1-0: Ball 2-0: Swinging Strike 2-1: Foul Ball, location: 2F 2-2: Foul Ball, location: 2F 2-2: Ball 3-2: Foul Ball, location: 2F 3-2: Foul Ball, location: 2F 3-2: Foul Ball, location: 2F 3-2: Foul Ball, location: 2F 3-2: Foul Ball, location: 2F 3-2: SOLO HOME RUN (Flyball, 9LD, EV 92.5 MPH), Distance : 361 ft
|
|
Batting: LHB Kyle David
|
0-0: Called Strike 0-1: Called Strike 0-2: Ball 1-2: Foul Ball, location: 2F 1-2: Strikes out swinging
|
|
Batting: LHB Jeff Williams
|
0-0: Ball 1-0: Ball 2-0: Called Strike 2-1: Foul Ball, location: 2F 2-2: Fly out, F7 (Flyball, 7LS, EV 75.0 MPH)
|
|
Pitching: RHP Manuel Santiago
|
|
|
Batting: RHB Magnus Laursen
|
0-0: Ball 1-0: Called Strike 1-1: Ball 2-1: Swinging Strike 2-2: Reached on error, E6 (Groundball, 6, EV 86.9 MPH)
|
|
Batting: LHB Steve Kimbler
|
0-0: Ball 1-0: Foul Ball, location: 2F 1-1: Swinging Strike 1-2: Ball 2-2: Ball 3-2: Base on Balls Magnus Laursen to second
|
|
Batting: RHB Jose Lopez
|
0-0: Ball 1-0: Foul Ball, location: 2F 1-1: Foul Ball, location: 2F 1-2: Strikes out swinging
|
| Top of the 8th over - 1 run, 1 hit, 1 error, 2 left on base; Oklahoma State University 3 - Washington State University 2 |
| BOTTOM OF THE 8TH |
|
Washington State University Cougars batting - Pitching for Oklahoma State University Cowboys : LHP Tony Bustillos
|
|
Batting: LHB Israel Ariza
|
0-0: Ball 1-0: Ground out U3 (Groundball, 3, EV 107.5 MPH)
|
|
Batting: LHB David Jackson
|
0-0: Ball 1-0: Called Strike 1-1: Ball 2-1: Called Strike 2-2: Ball 3-2: SINGLE (Flyball, 5D, EV 93.1 MPH)
|
|
Batting: RHB Wil Gonzales
|
0-0: Ball 1-0: Foul Ball, location: 2F 1-1: Ball 2-1: Foul Ball, location: 2F 2-2: Ball 3-2: Base on Balls David Jackson to second
|
|
Batting: RHB Ron Essink
|
0-0: Ball 1-0: Swinging Strike 1-1: Swinging Strike 1-2: Foul Ball, location: 2F 1-2: Ball 2-2: Foul Ball, location: 2F 2-2: Strikes out swinging
|
|
Pitching: RHP Justin Reed
|
|
|
Batting: RHB Dave DeLaMater
|
0-0: Called Strike 0-1: Ground out 4-3 (Groundball, 4, EV 85.0 MPH)
|
| Bottom of the 8th over - 0 runs, 1 hit, 0 errors, 2 left on base; Oklahoma State University 3 - Washington State University 2 |
| TOP OF THE 9TH |
|
Oklahoma State University Cowboys batting - Pitching for Washington State University Cougars : RHP Manuel Santiago
|
|
Batting: RHB Bill Tremblett
|
0-0: Called Strike 0-1: Ball 1-1: Ball 2-1: Ball 3-1: Foul Ball, location: 2F 3-2: Strikes out swinging
|
|
Batting: RHB Frederik Koster
|
0-0: Ball 1-0: Ground out 5-3 (Groundball, 5L, EV 111.2 MPH)
|
|
Batting: RHB Simon Gravitt
|
0-0: Ball 1-0: Ball 2-0: Called Strike 2-1: Ground out 6-3 (Groundball, 6D, EV 100.0 MPH)
|
| Top of the 9th over - 0 runs, 0 hits, 0 errors, 0 left on base; Oklahoma State University 3 - Washington State University 2 |
| BOTTOM OF THE 9TH |
|
Washington State University Cougars batting - Pitching for Oklahoma State University Cowboys : RHP Justin Reed
|
|
Now at 1B: Arabello Demesa
|
|
|
Now in RF: Jon Guzman
|
|
|
Batting: RHB Ryan Toth
|
0-0: Ball 1-0: Ball 2-0: Ball 3-0: Called Strike 3-1: SINGLE (Line Drive, 89S, EV 101.9 MPH)
|
|
Batting: RHB Mas Langat
|
0-0: Called Strike 0-1: Ball 1-1: Fly out, F7 (Flyball, 7LMF, EV 108.1 MPH)
|
|
Batting: LHB Scott Spillers
|
0-0: Ball 1-0: Ball 2-0: Ball 3-0: Base on Balls Ryan Toth to second
|
|
Batting: SHB Juan Delanoval
|
0-0: Called Strike 0-1: Called Strike 0-2: Ball 1-2: Ball 2-2: Foul Ball, location: 2F 2-2: Fly out, F5 (Popup, 25F, EV 89.4 MPH)
|
|
Batting: LHB Israel Ariza
|
0-0: Ball 1-0: Ball 2-0: Ball 3-0: Called Strike 3-1: Base on Balls Ryan Toth to third Scott Spillers to second
|
|
Pitching: LHP Julian Judge
|
|
|
Batting: LHB David Jackson
|
0-0: Ball 1-0: Called Strike 1-1: Ground out 4-3 (Groundball, 34, EV 99.4 MPH)
|
| Bottom of the 9th over - 0 runs, 1 hit, 0 errors, 3 left on base; Oklahoma State University 3 - Washington State University 2 |
|